AoeStats
← toomuchdog

Arabia

504932334Analyzed
2v2 RM · 26d ago on Sep 7, 2026· 40m 59s· 4 players
Game mode
Random Map
Map size
Medium (4 player)
Population
200
Speed
Normal
Resources
Standard
Victory
Conquest
Starting age
Dark Age
Ending age
Imperial Age
RankedLock teamsTeams togetherTeam positionsShared explorationLock speedFull tech treeHidden civsTurbo modeCheats
Victory
Defeat
🇨🇦 Aztecs · Canada
1305
+17
🇨🇦 Goths · Canada
1248
+19
🇺🇸 Lithuanians · United States
1314
-18
🇺🇸 Vietnamese · United States
1313
-18
toomuchdog
7:56 Loom
10:19 Feudal Age
10:26 Man-at-Arms
11:52 Double-Bit Axe
15:15 Arson
16:34 Horse Collar
20:54 Castle Age
19:22 Fletching
20:30 Scale Mail Armor
20:43 Gold Mining
21:37 Squires
22:35 Bow Saw
23:13 Fletching
23:35 Eagle Warrior
25:14 Chain Mail Armor
30:30 Wheelbarrow
34:31 Imperial Age
32:24 Hand Cart
31:56 Pikeman
32:48 Forging
34:34 Stone Mining
36:01 Plate Mail Armor
40:04 Elite Eagle Warrior
twitch.tv/aceinspace93
7:22 Loom
9:56 Feudal Age
16:59 Double-Bit Axe
19:02 Fletching
23:13 Castle Age
22:09 Scale Mail Armor
23:26 Forging
23:23 Crossbowman
23:30 Pikeman
26:05 Bodkin Arrow
26:29 Squires
26:20 Horse Collar
28:39 Wheelbarrow
28:32 Gold Mining
28:59 Stone Mining
29:42 Padded Archer Armor
31:02 Bow Saw
33:05 Hand Cart
35:08 Anarchy
36:21 Stone Shaft Mining
35:52 Heavy Plow
37:22 Chain Mail Armor
40:35 Iron Casting
44:03 Imperial Age
Twister
6:41 Loom
9:49 Feudal Age
10:19 Double-Bit Axe
15:35 Gold Mining
17:03 Fletching
23:58 Castle Age
24:09 Padded Archer Armor
24:06 Crossbowman
24:45 Elite Skirmisher
27:37 Thumb Ring
28:49 Leather Archer Armor
29:52 Ballistics
30:20 Wheelbarrow
32:30 Hand Cart
33:38 Bodkin Arrow
41:58 Imperial Age
chicken
6:43 Loom
9:03 Feudal Age
21:35 Castle Age
21:07 Bloodlines
21:17 Double-Bit Axe
21:52 Scale Barding Armor
22:09 Gold Mining
22:57 Forging
23:00 Horse Collar
28:05 Forging
29:51 Chain Barding Armor
32:14 Iron Casting
Connection lost

Rejoining the realm…

Still unreachable

The connection could not be restored.

Session expired

The server has moved on; the page needs a fresh start.